 Dungeon Crawl Stone Soup version 0.17.1-3-g152610e (webtiles) character file.

113 hannobal the Magician (level 4, -5/27 HPs)
             Began as an Octopode Wizard on Mar 1, 2016.
             Killed from afar by Ijyb (14 damage)
             ... with a wand of cold
             ... on level 3 of the Dungeon.
             The game lasted 00:11:14 (3240 turns).

hannobal the Magician (Octopode Wizard)             Turns: 3240, Time: 00:11:14

Health: -5/27      AC:  2    Str:  6    XL:     4   Next: 96%
Magic:  5/8        EV: 12    Int: 21    God:
Gold:   68         SH:  0    Dex: 10    Spells: 4 memorised, 0 levels left

rFire  . . .     SeeInvis .     a - +2 short sword (venom)
rCold  . . .     Clarity  .     (no shield)
rNeg   . . .     SustAt   .     k - +1 hat
rPois  .         Gourm    .     (no amulet)
rElec  .         Spirit   .     (no ring)
rCorr  .         Warding  .     (no ring)
rMut   .         Stasis   .     (no ring)
MR     .....                    (no ring)
Stlth  +++.......               (no ring)
                                (no ring)
                                (no ring)
                                (no ring)

@: repel missiles, not resistant to hostile enchantments, fairly stealthy
A: almost no armour, amphibious, 8 rings, constrict 8, camouflage 1, gelatinous
body 1
a: no special abilities


You were on level 3 of the Dungeon.
You were not hungry.

You visited 1 branch of the dungeon, and saw 3 of its levels.

You collected 68 gold pieces.

Inventory:

Hand Weapons
 a - a +2 short sword of venom (weapon)
 h - a +0 hunting sling
 n - a +0 trident
Missiles
 c - 24 sling bullets
 g - 44 stones (quivered)
Armour
 j - a +0 buckler
 k - a +1 hat (worn)
Scrolls
 d - a scroll of identify
 l - a scroll of teleportation
Books
 b - a book of Minor Magic

   Spells                             Type                      Level
   a - Magic Dart                     Conjuration                  1
   b - Blink                          Translocation                2
   c - Call Imp                       Summoning                    2
   d - Repel Missiles                 Charms/Air                   2
   e - Slow                           Hexes                        2
   f - Conjure Flame                  Conjuration/Fire             3
   g - Mephitic Cloud                 Conjuration/Poison/Air       3
Comestibles
 f - 3 meat rations
 i - 6 chunks of flesh
 m - a slice of pizza


   Skills:
 - Level 2.0 Dodging
 - Level 3.0 Stealth
 - Level 3.0 Spellcasting
 - Level 3.0 Conjurations
 + Level 0.8 Charms
   Level 1.0 Summonings
   Level 1.0 Translocations
 - Level 1.0 Fire Magic
 - Level 2.0 Air Magic
 - Level 1.2 Poison Magic


You couldn't memorise any spells.
You knew the following spells:

 Your Spells              Type           Power        Failure   Level  Hunger
a - Mephitic Cloud        Conj/Pois/Air  ##......     21%         3    ###....
b - Conjure Flame         Conj/Fire      ##......     21%         3    ###....
r - Repel Missiles        Chrm/Air       #.....       12%         2    ##.....
z - Magic Dart            Conj           ###.         4%          1    None


Dungeon Overview and Level Annotations

Branches:
Dungeon (3/15)

Altars:
Qazlal

Annotations:
D:2 Sigmund
D:3 Ijyb


Innate Abilities, Weirdness & Mutations

You cannot wear most types of armour.
You are amphibious.
You can wear up to eight rings at the same time.
You can use your tentacles to constrict eight enemies at once.
Your skin changes colour to match your surroundings (Stealth).
Your rubbery body absorbs attacks (AC +1).


Message History

Aim: Ijyb, wielding a dagger of speed and wearing a leather armour The magic dart hits Ijyb.
Ijyb is lightly wounded.
Casting: Magic Dart
Confirm with . or Enter, or press ? or * to list all spells.
Aiming: Magic Dart
Press: ? - help, Shift-Dir - straight line, f/p - Ijyb
Aim: Ijyb, wielding a dagger of speed and wearing a leather armour (lightly wounded)
The magic dart hits Ijyb.
Ijyb is lightly wounded.
Ijyb zaps a wand.
The bolt of cold hits you!
Ouch! That really hurt!
It is a wand of cold.
You are too injured to fight recklessly!
You are too injured to fight recklessly!
You are too injured to fight recklessly!
You are too injured to fight recklessly!
Ijyb zaps a wand.
The bolt of cold hits you!
Ouch! That really hurt!
You die...

... #..# #..# #..#
#..# ...### ###
########.#..#....
...g.............
########@#.....#.
................
##########.#.....##
#.......##.#####.#
#.......##)####
#<............#
#........#.......#
#........#.##.##.#
#.)......#.# ...


You could see Ijyb.

Vanquished Creatures
  Natasha (thrice) (D:2)
  2 adders (D:2)
  3 worms
  A giant gecko (D:1)
  An orc (D:3)
  5 giant cockroaches
  7 goblins
  2 hobgoblins
  A quokka (D:2)
  4 bats
  3 giant newts
  6 jackals
  6 kobolds
  9 rats
53 creatures vanquished.

Notes
Turn   | Place    | Note
--------------------------------------------------------------
     0 | D:1      | hannobal the Octopode Wizard began the quest for the Orb.
     0 | D:1      | Reached XP level 1. HP: 11/11 MP: 4/4
   350 | D:1      | Reached XP level 2. HP: 10/17 MP: 0/6
  1237 | D:1      | Reached XP level 3. HP: 21/21 MP: 5/7
  1242 | D:1      | Learned a level 3 spell: Mephitic Cloud
  1246 | D:1      | Learned a level 3 spell: Conjure Flame
  1841 | D:2      | Noticed Natasha
  1851 | D:2      | Killed Natasha
  2015 | D:2      | Reached XP level 4. HP: 27/27 MP: 5/8
  2068 | D:2      | Noticed Natasha
  2080 | D:2      | Killed Natasha
  2080 | D:2      | Reached skill level 1 in Poison Magic
  2124 | D:2      | Noticed Natasha
  2133 | D:2      | Killed Natasha
  2310 | D:1      | Learned a level 2 spell: Repel Missiles
  2564 | D:2      | Noticed Sigmund
  2591 | D:2      | Reached skill level 1 in Fire Magic
  2863 | D:2      | Found a stormy altar of Qazlal.
  3236 | D:3      | Noticed Ijyb
  3240 | D:3      | Killed from afar by Ijyb

Action                   |  1- 3 |  4- 6 || total
-------------------------+-------+-------++-------
Melee: Spear             |     8 |       ||     8
       Unarmed           |     1 |       ||     1
       Short sword       |     3 |    13 ||    16
 Cast: Magic Dart        |    73 |    72 ||   145
       Repel Missiles    |       |     2 ||     2
  Use: Scroll            |     3 |     2 ||     5
       Potion            |     3 |     2 ||     5
 Stab: Sleeping          |       |     1 ||     1
  Eat: Fruit             |     2 |       ||     2
       Chunk             |     2 |       ||     2
       Bread ration      |       |     1 ||     1
